 Dungeon Crawl Stone Soup version 0.24.1 (webtiles) character file.

Game seed: 15582317217979177775, levelgen mode: deterministic

74 Descartes the Magician (level 4, -1/24 HPs)
             Began as a Deep Elf Air Elementalist on Apr 1, 2020.
             Killed by divine providence
             ... invoked by an orc priest
              (13 damage)
             ... on level 3 of the Dungeon.
             The game lasted 00:05:17 (2117 turns).

Descartes the Magician (Deep Elf Air Elementalist)  Turns: 2117, Time: 00:05:17

Health: -1/24      AC:  3    Str:  6    XL:     4   Next: 9%
Magic:  8/11       EV: 12    Int: 20    God:
Gold:   118        SH:  0    Dex: 15    Spells: 9/10 levels left

rFire    . . .     SeeInvis .   o - +0 quarterstaff
rCold    . . .     Gourm    .   (shield currently unavailable)
rNeg     . . .     Faith    .   g - +0 leather armour
rPois    .         Spirit   .   (no helmet)
rElec    .         Reflect  .   (no cloak)
rCorr    .         Harm     .   (no gloves)
MR       .....                  (no boots)
Stlth    ++........             (no amulet)
HPRegen  0.08/turn              (no ring)
MPRegen  0.12/turn              (no ring)

@: very slightly contaminated
A: no striking features
a: no special abilities


You were on level 3 of the Dungeon.
You were not hungry.

You visited 1 branch of the dungeon, and saw 3 of its levels.

You collected 118 gold pieces.

Inventory:

Hand Weapons
 d - a +0 dagger
 o - a +0 quarterstaff (weapon)
Missiles
 e - 67 sling bullets
 h - 113 stones (quivered)
 l - 40 arrows
 p - 10 bolts
Armour
 g - a +0 leather armour (worn)
Wands
 t - a wand of polymorph (10)
Scrolls
 b - 2 scrolls of noise {unknown}
 f - a scroll of enchant armour {unknown}
 i - 2 scrolls of amnesia {unknown}
 n - a scroll of identify {unknown}
 q - 2 scrolls of blinking {unknown}
 r - a scroll of fog {unknown}
 s - a scroll of remove curse {unknown}
Potions
 a - a potion of lignification {unknown}
 j - a potion of curing {unknown}
 k - a potion of heal wounds {unknown}
 m - a potion of cancellation {unknown}
 u - a potion of haste {unknown}
Comestibles
 c - 5 rations
 v - 6 chunks of flesh


   Skills:
 * Level 0.3 Armour
 + Level 3.2 Dodging
 + Level 3.2 Stealth
 + Level 3.6 Spellcasting
 + Level 2.1 Conjurations
 + Level 3.4 Air Magic


You had 9 spell levels left.
You knew the following spells:

 Your Spells              Type           Power        Failure   Level  Hunger
a - Shock                 Conj/Air       ##..         7%          1    None

Your spell library contained the following spells:

 Spells                   Type           Power        Failure   Level  Hunger
 Swiftness                Chrm/Air       ##......     16%         2    ##.....
 Static Discharge         Conj/Air       ##......     21%         3    ###....
 Airstrike                Air            ###.......   45%         4    ####...
 Lightning Bolt           Conj/Air       ##........   88%         5    ######.


Dungeon Overview and Level Annotations

Branches:
Dungeon (3/15)

Altars:


Message History

Confirm with . or Enter, or press ? or * to list all spells.
Aiming: Shock (safe; 7% risk of failure)
Press: ? - help, Shift-Dir - straight line, f/p - orc priest
Aim: an orc priest, wearing a +4 ring mail You miscast Shock.
You are very lightly contaminated with residual magic.
Nothing appears to happen.
Casting: Shock (safe; 7% risk of failure)
Confirm with . or Enter, or press ? or * to list all spells.
Aiming: Shock (safe; 7% risk of failure)
Press: ? - help, Shift-Dir - straight line, f/p - orc priest
Aim: an orc priest, wearing a +4 ring mail The zap misses the adder.
The zap hits the orc priest.
The orc priest is lightly wounded.
The adder misses you.
The orc priest looks encouraged for a moment.
The orc priest calls down the wrath of Beogh upon you.
Beogh smites you!
Ouch! That really hurt!
You die...

.# #.# #.# #.# ###.#### #.#
+# . .....# #.# ..o ###.##.#
#.## .... ##..##.# #..##
....o
#....#.########...####......
........).....).@S...'oo....
#....#.####.###...#.##...(..
##.#.#.# #.# #..##.# .....
.......# #รท# #.###.# ....
##.....# #.#...# #.# ...
#.#.#.# #.....# #.# +#
#.#.#.# #.#.### #.# #.#.#.#
#>... ..# ....#.# #.. .. ..#


You could see an orc priest, an adder and an orc.

Vanquished Creatures
  2 adders (D:2)
  A worm (D:3)
  3 leopard geckos
  An orc (D:3)
  4 goblins
  8 hobgoblins
  6 jackals
  5 kobolds (D:1)
  A ball python (D:1)
  5 bats
  3 frilled lizards (D:1)
  10 rats
49 creatures vanquished.

Notes
Turn   | Place    | Note
-------+----------+-------------------------------------------
     0 | D:1      | Descartes the Deep Elf Air Elementalist began the quest for
                  | the Orb.
     0 | D:1      | Reached XP level 1. HP: 10/10 MP: 6/6
   232 | D:1      | Reached XP level 2. HP: 15/15 MP: 6/8
  1053 | D:2      | Reached XP level 3. HP: 19/19 MP: 4/9
  1994 | D:3      | Reached XP level 4. HP: 24/24 MP: 9/11
  2117 | D:3      | Killed from afar by an orc priest

Levels and vault maps discovered:
D:1:      psy_arrival_whirlpool, layout_loops_ring
D:2:      layout_basic, minmay_misc_feat_five
D:3:      layout_loops_corners, first_ration

Skill      XL: |  1  2  3 |
---------------+----------+-----
Stealth        | 3 |  3.2
Dodging        | 3 |  3.2
Conjurations   | 2 |  2.1
Armour         | |  0.3
Spellcasting   | |  3.6
Air Magic      | |  3.4

Action                   |  1- 3 |  4- 6 || total
-------------------------+-------+-------++-------
 Cast: Shock             |    92 |    11 ||   103
  Eat: Chunk             |     3 |       ||     3
Armor: Robe              |     4 |       ||     4
Dodge: Dodged            |    12 |     1 ||    13
